 Dungeon Crawl Stone Soup version 0.30.1-3-gfc49f6343a (webtiles) character file.

Game seed: 7805762795584902848

4088 booth the Ducker (level 10, -9/76 HPs)
             Began as a Djinni Fire Elementalist on July 29, 2023.
             Was a Believer of Ashenzari.
             Mangled by Gastronok (20 damage)
             ... on level 8 of the Dungeon.
             The game lasted 01:05:28 (7685 turns).

booth the Ducker (Djinni Fire Elementalist)         Turns: 7685, Time: 01:05:29

Health: -9/76      AC:  9    Str:  9    XL:     10   Next: 50%
Gold:   197        EV: 18    Int: 24    God:    Ashenzari [**....] SH:  0 Dex: 21

rFire   + + .        z - +2 dagger (drain)
rCold   x . .        (no shield)
rNeg    . . .        a - +2 robe
rPois   ∞            r - +2 hat "Tethered With Me" {Fort, Melee} (curse)
rElec   .            A - +2 cloak {Will+}
rCorr   .            (no gloves)
SInv    +            (boots unavailable)
Will    ++...        b - amulet "Bound Gloom" {Regen+, Range, Self} (curse)
Stlth   ++++         i - ring of the All-seeing Portent {Int+6, Cun, Self} (curse)
HPRegen 1.12/turn    n - +6 ring of dexterity
MPRegen 0.00/turn

%: infuse magic (-10 HP)
@: flying
A: sickness immunity, fire resistance 2, cold vulnerability 1, float, innate
caster, HP casting, extra vitality 1
a: Renounce Religion, Curse Item, Shatter the Chains


You were on level 8 of the Dungeon.
You worshipped Ashenzari.
Ashenzari was pleased with you.
You visited 2 branches of the dungeon, and saw 9 of its levels.

You collected 497 gold pieces.
You spent 300 gold pieces at shops.

Inventory:

Hand Weapons
 e - a +2 short sword of protection
 x - a +0 short sword of holy wrath
 z - a +2 dagger of draining (weapon)
Missiles
 c - 33 poisoned darts (quivered)
 k - 7 boomerangs
 m - 5 atropa-tipped darts
Armour
 a - a +2 robe (worn)
 r - the cursed +2 hat "Tethered With Me" (worn) {Fort, Melee}
   (You found it on level 5 of the Dungeon)

   It has a curse which improves the following skills: Fortitude: Armour and
   Shields.
   Melee Combat: Short Blades, Long Blades, Axes, Maces & Flails, Polearms,
   Staves and Unarmed Combat.
 w - a +0 helmet
 A - a +2 cloak of willpower (worn)
Jewellery
 b - the cursed amulet "Bound Gloom" (around neck) {Regen+, Range, Self}
   (You found it on level 2 of the Dungeon)

   [amulet of regeneration]

   Regen:     It increases your rate of health regeneration.
   It has a curse which improves the following skills: Ranged Combat: Ranged
   Weapons and Throwing.
   Introspection: Fighting and Spellcasting.
 i - the cursed ring of the All-seeing Portent (left hand) {Int+6, Cun, Self}
   (You found it on level 1 of the Dungeon)

   [ring of intelligence]

   Int:       It affects your intelligence (+6).
   It has a curse which improves the following skills: Cunning: Dodging and
   Stealth.
   Introspection: Fighting and Spellcasting.
 n - a +6 ring of dexterity (right hand)
 y - the amulet of the Voivode {RegenMP rElec Int+3}
   (You found it on level 3 of the Dungeon)

   [amulet of magic regeneration]

   It increases your rate of magic regeneration.
   Int:       It affects your intelligence (+3).
   rElec:     It insulates you from electricity.
Wands
 d - a wand of quicksilver (7)
 j - a wand of paralysis (7)
 s - a wand of iceblast (8)
Scrolls
 f - 6 scrolls of teleportation
 u - 2 scrolls of magic mapping
Potions
 g - a potion of brilliance
 h - 2 potions of mutation
 l - 2 potions of lignification
 p - a potion of might
 q - 2 potions of haste
 t - 2 potions of attraction
 v - a potion of invisibility


   Skills:
 + Level 5.9(7.6) Fighting
 + Level 2.1(3.0) Throwing
 + Level 1.8(2.7) Armour
 + Level 7.4(8.6) Dodging
 + Level 6.1(7.2) Stealth
 * Level 7.2(9.0) Spellcasting


You knew the following spells:

 Your Spells              Type           Power      Damage    Failure   Level
a - Foxfire               Conj/Fire      100%       2x1d9     1%          1
b - Scorch                Fire           100%       2d9       1%          2
c - Volatile Blastmotes   Fire/Tloc      100%       2d18      1%          3
d - Inner Flame           Hex/Fire       53%        N/A       1%          3
e - Flame Wave            Conj/Fire      53%        2d13      1%          4
f - Sandblast             Erth           100%       2d20      1%          1
g - Searing Ray           Conj           100%       2d8       1%          2
h - Portal Projectile     Hex/Tloc       100%       N/A       1%          3
i - Passage of Golubria   Tloc           53%        N/A       1%          4
Your spell library was empty.

Dungeon Overview and Level Annotations

Branches:
Dungeon (8/15)             Temple (1/1) D:4
   Lair: D:8-11

Altars:
Ashenzari
Cheibriados
Fedhas
Gozag
Hepliaklqana
Makhleb
Nemelex Xobeh
Ru
Trog
Uskayaw
Wu Jian
Xom
Yredelemnul
The Shining One

Shops:
D:3 ?=   D:4 ?   D:8 (

Annotations:
D:8 Gastronok


Innate Abilities, Weirdness & Mutations

You are immune to sickness and miasma.
You are immune to poison.
Your flesh is very heat resistant. (rF++)
You are vulnerable to cold. (rC-)
You float through the air rather than walking.
You learn spells naturally, not from books.
Your magical power is your life essence.
You have superior vitality. (+4 MHP)


Message History

Gastronok is moderately wounded.
The foxfire hits Gastronok.
Gastronok is burned terribly!
Gastronok is moderately wounded.
Casting: Scorch (safe; 1% risk of failure)
Confirm with . or Enter, or press ? or * to list all spells.
You conjure some foxfire!
The foxfire hits Gastronok.
Gastronok is burned terribly!
Gastronok is moderately wounded.
The foxfire hits Gastronok.
Gastronok is burned terribly!
Gastronok is moderately wounded.
Gastronok bites you but does no damage.
You hit Gastronok.
Gastronok is moderately wounded.
Gastronok is no longer more vulnerable to fire.
You hit Gastronok. You drain Gastronok.
Gastronok is heavily wounded.
Gastronok bites you!!
* * * LOW HITPOINT WARNING * * *
You hit Gastronok. You drain Gastronok.
Gastronok is heavily wounded.
Casting: Foxfire (safe; 1% risk of failure)
Confirm with . or Enter, or press ? or * to list all spells.
You conjure some foxfire!
* * * LOW HITPOINT WARNING * * *
Gastronok bites you.
* * * LOW HITPOINT WARNING * * *
Casting: Foxfire (safe; 1% risk of failure)
Confirm with . or Enter, or press ? or * to list all spells.
Flames lash Gastronok.
Gastronok is heavily wounded.
Gastronok's fire resistance burns away.
* * * LOW HITPOINT WARNING * * *
The foxfire hits Gastronok!
Gastronok is burned terribly!
Gastronok is heavily wounded.
The foxfire hits Gastronok.
Gastronok is burned terribly!
Gastronok is severely wounded.
You hit Gastronok but do no damage. You drain Gastronok.
Gastronok is severely wounded.
Gastronok bites you!!
You die...

.(..#....#..###...##
#...#......, #.?####
##)........####...#.#
#........##.........#
#....................
#...........#........
#.........#..........
##>..w................
#....@#####..#......##
#...#§...##..##.......
#.............#.......
###..###...##.........#
#....###...##..........
##............... .....
##.............. ,
##.##..........,
#..####.#...... ,.#


You could see Gastronok (combustible, drained).

Vanquished Creatures
  Pikel (D:7)
  Maurice (D:8)
  Prince Ribbit (D:8)
  Sigmund (D:4)
  A wyvern (D:6)
  Eustachio (D:5)
  A steam dragon (D:6)
  2 water moccasins
  Duvessa (D:6)
  An ice beast (D:6)
  A black bear (D:5)
  A sky beast (D:8)
  3 orc warriors
  3 ogres
  2 centaurs
  A lemure (D:7)
  A phantom (D:5)
  2 kobold brigands
  3 scorpions
  Dowan (D:7)
  2 orc priests
  A gnoll bouda (D:8)
  7 hounds
  A sleepcap (D:5)
  6 iguanas
  4 orc wizards
  12 gnolls
  3 adders
  A white imp (D:6)
  14 orcs
  9 bats
  10 endoplasms
  3 giant cockroaches
  7 hobgoblins
  12 kobolds
  8 quokkas
  5 ball pythons
  6 frilled lizards
  6 goblins
  6 rats
152 creatures vanquished.

Vanquished Creatures (collateral kills)
  A foxfire (D:8)
1 creature vanquished.

Vanquished Creatures (others)
  312 foxfires
312 creatures vanquished.

Grand Total: 465 creatures vanquished

Notes
Turn   | Place    | Note
-------+----------+-------------------------------------------
     0 | D:1      | booth the Djinni Fire Elementalist began the quest for the
                  | Orb.
     0 | D:1      | booth set off with the following spells memorised: Foxfire,
                  | Scorch, Volatile Blastmotes, Inner Flame, Flame Wave.
     0 | D:1      | Reached XP level 1. HP: 15/15 MP: 0/0
    84 | D:1      | Reached XP level 2. HP: 18/21 MP: 0/0
   288 | D:1      | Reached XP level 3. HP: 24/25 MP: 0/0
   288 | D:1      | Learned a level 1 spell: Sandblast
   742 | D:1      | Found a faded altar of an unknown god.
   926 | D:2      | Reached XP level 4. HP: 27/31 MP: 0/0
  1489 | D:3      | Identified the amulet of the Voivode {RegenMP rElec Int+3}
  1522 | D:3      | Found Ygiofyo's Jewellery Emporium.
  1623 | D:3      | Found Fyjel's Magic Scroll Boutique.
  1632 | D:3      | Bought a scroll of identify for 26 gold pieces
  1632 | D:3      | Bought a scroll of identify for 26 gold pieces
  1632 | D:3      | Bought a scroll of identify for 26 gold pieces
  1688 | D:3      | Reached XP level 5. HP: 27/36 MP: 0/0
  1688 | D:3      | Learned a level 2 spell: Searing Ray
  1842 | D:3      | Reached skill level 1 in Fighting
  2151 | D:4      | Reached XP level 6. HP: 33/42 MP: 0/0
  2383 | D:4      | Noticed Sigmund
  2389 | D:4      | Killed Sigmund
  2444 | D:4      | Reached XP level 7. HP: 49/49 MP: 0/0
  2444 | D:4      | Learned a level 3 spell: Portal Projectile
  2530 | D:4      | Found a staircase to the Ecumenical Temple.
  2535 | Temple   | Entered the Ecumenical Temple
  2580 | Temple   | Became a worshipper of Ashenzari the Shackled
  2641 | D:4      | Found Tacw's Magic Scroll Emporium.
  3088 | D:5      | Entered Level 5 of the Dungeon
  3326 | D:5      | Reached XP level 8. HP: 56/56 MP: 0/0
  3358 | D:5      | Reached skill level 5 in Dodging
  3439 | D:5      | Noticed Eustachio
  3452 | D:5      | Killed Eustachio
  3453 | D:5      | Reached skill level 5 in Spellcasting
  4168 | D:5      | Found a sparkling altar of Nemelex Xobeh.
  4502 | D:6      | Reached XP level 9. HP: 44/63 MP: 0/0
  4502 | D:6      | Learned a level 4 spell: Passage of Golubria
  4859 | D:6      | Reached skill level 5 in Stealth
  5856 | D:4      | Bought a scroll of enchant armour for 90 gold pieces
  5856 | D:4      | Bought a scroll of identify for 24 gold pieces
  5856 | D:4      | Bought a scroll of teleportation for 36 gold pieces
  5856 | D:4      | Bought a scroll of teleportation for 36 gold pieces
  5856 | D:4      | Bought a scroll of teleportation for 36 gold pieces
  5858 | D:4      | Reached * piety under Ashenzari
  6245 | D:7      | Noticed Pikel
  6266 | D:7      | Found a burning altar of Makhleb.
  6320 | D:7      | Reached skill level 5 in Fighting
  6376 | D:7      | Noticed Duvessa
  6381 | D:7      | Noticed Dowan
  6506 | D:7      | Killed Dowan
  6524 | D:6      | Killed Duvessa
  6728 | D:7      | Reached ** piety under Ashenzari
  6770 | D:7      | Killed Pikel
  6771 | D:7      | Reached skill level 1 in Throwing
  6771 | D:7      | Reached XP level 10. HP: 66/75 MP: 0/0
  7181 | D:8      | Noticed Gastronok
  7280 | D:8      | Found Biyfuif's Weapon Shoppe.
  7341 | D:8      | Noticed Prince Ribbit
  7362 | D:8      | Killed Prince Ribbit
  7363 | D:8      | Reached skill level 1 in Armour
  7389 | D:8      | Noticed Maurice
  7412 | D:8      | Killed Maurice
  7685 | D:8      | Mangled by Gastronok

Illustrated notes

Levels and vault maps discovered:
D:1:      ncdulo_watergridlock, layout_basic,
          shapermc_ecumenical_altar_hornbeckon, minmay_tetromino_i4
D:2:      layout_basic
D:3:      layout_loops_ring, serial_shops, shop, nicolae_shop_tiny_waterfront,
          kennysheep_generic_room_11
D:4:      layout_basic, temple_doors_e, serial_shops, shop, uniq_sigmund
D:5:      layout_loops_ring, kennysheep_mini, uniq_eustachio
D:6:      layout_layer_cave
D:7:      layout_basic, bloody_makhleb, uniq_pikel, uniq_duvessa
D:8:      layout_cave_pools, serial_shops, nicolae_lakefront_shop,
          grunt_ministairs_2, uniq_maurice, uniq_prince_ribbit1, uniq_gastronok
Temple:   compressed_dpeg_triangle_lava_temple

Skill      XL: |  1  2  3  4  5  6  7  8  9 10 |
---------------+-------------------------------+-----
Stealth        | 2 3 4 5 6 |  6.1
Dodging        | 3 4 5 6 7 |  7.4
Spellcasting   | 3 4 5 6 7 |  7.2
Fighting       | 1 2 3 4 5 |  5.9
Throwing       | 1 2 |  2.1
Armour         | 1 |  1.8

Action                     |  1- 3 |  4- 6 |  7- 9 | 10-12 || total
---------------------------+-------+-------+-------+-------++-------
  Melee: Dagger            |     7 |    18 |    75 |    24 ||   124
         Short sword       |    19 |    11 |       |       ||    30
         Punch             |       |     1 |     1 |     1 ||     3
  Throw: Dart              |       |       |    14 |    16 ||    30
         Boomerang         |       |       |     1 |       ||     1
   Cast: Foxfire           |    40 |    31 |    80 |    34 ||   185
         Scorch            |     2 |    10 |    42 |    23 ||    77
         Volatile Blastmot |       |     1 |     5 |     1 ||     7
         Searing Ray       |       |     1 |     1 |       ||     2
         Portal Projectile |       |       |     3 |       ||     3
         Sandblast         |       |       |     1 |       ||     1
         Passage of Golubr |       |       |       |     1 ||     1
 Invoke: Curse Item        |       |       |     3 |       ||     3
    Use: Scroll            |     5 |     6 |     7 |       ||    18
         Potion            |       |     1 |     8 |       ||     9
   Stab: Sleeping          |       |     1 |     1 |       ||     2
 Armour: Robe              |    14 |    11 |    17 |    12 ||    54
  Dodge: Dodged            |    21 |    33 |    98 |    39 ||   191
